[Event "1000GM NY Winter IM-C 2024"]
[Site "New York"]
[Date "2024.01.12"]
[Round "2.8"]
[White "Mou, Iris"]
[Black "Almeida Saenz, Alfonso"]
[Result "1-0"]
[ECO "B30"]
[WhiteElo "2128"]
[BlackElo "2222"]
[Annotator "RC"]
[PlyCount "37"]
[EventDate "2024.01.10"]
[EventType "swiss"]
[EventCountry "USA"]
[SourceTitle "playchess.com"]
[Source "ChessBase"]
[SourceQuality "1"]
[TimeControl "5400+30"]

1. e4 c5 2. Nf3 Nc6 3. Bb5 Qb6 4. Bxc6 Qxc6 5. O-O Qxe4 6. Nc3 Qc6 7. d4 e6 8. Ne5 Qa6 9. Qh5 g6 10. Nxg6 Nf6 11. Qh4 fxg6 12. Qxf6 Rg8 13. Bg5 h6 14. Bh4 cxd4 15. Nd5 Qc6 16. Ne7 Qe4 17. Rfe1 Bg7 18. Rxe4 Bxf6 19. Nxg8 1-0

[Event "1000GM NY Winter IM-C 2024"]
[Site "New York"]
[Date "2024.01.12"]
[Round "2.9"]
[White "Kovalchuk, Igor"]
[Black "Venkatesh, Narayan"]
[Result "1/2-1/2"]
[ECO "D58"]
[WhiteElo "2030"]
[BlackElo "1965"]
[Annotator "TA"]
[PlyCount "27"]
[EventDate "2024.01.10"]
[EventType "swiss"]
[EventCountry "USA"]
[SourceTitle "playchess.com"]
[Source "ChessBase"]
[SourceQuality "1"]
[TimeControl "5400+30"]

1. d4 Nf6 2. Nf3 d5 3. c4 e6 4. Bg5 Be7 5. Nc3 h6 6. Bh4 O-O 7. e3 b6 8. cxd5 exd5 9. Ne5 Bb7 10. Bd3 Nbd7 11. O-O Nxe5 12. dxe5 Nd7 13. Bg3 Re8 14. Qh5 {[%emt 0:03:00] Gewichteter Fehlerwert: Weiß=0.12 (sehr präzise) /Schwarz=0.09 (makellos) .  Ungenau:       	Weiß=1     	---        OK:         	Weiß=1     	---        Bester:       	---       	Schwarz=1} 1/2-1/2

[Event "1000GM NY Winter IM-C 2024"]
[Site "New York"]
[Date "2024.01.13"]
[Round "3.1"]
[White "Goktepe, Derin"]
[Black "Bonin, Jay"]
[Result "1/2-1/2"]
[ECO "D76"]
[WhiteElo "2187"]
[BlackElo "2166"]
[Annotator "RC"]
[PlyCount "84"]
[EventDate "2024.01.10"]
[EventType "swiss"]
[EventCountry "USA"]
[SourceTitle "playchess.com"]
[Source "ChessBase"]
[SourceQuality "1"]
[TimeControl "5400+30"]

1. d4 Nf6 2. c4 g6 3. Nf3 Bg7 4. g3 O-O 5. Bg2 d5 6. cxd5 Nxd5 7. O-O Nc6 8. Nc3 Nb6 9. d5 Na5 10. e4 c6 11. Bf4 cxd5 12. Nxd5 Nxd5 13. exd5 Nc4 14. Qb3 Nd6 15. Be5 Bxe5 16. Nxe5 Bd7 17. Rac1 Bb5 18. Rfe1 Qa5 19. Bh3 Qd2 20. a4 Ba6 21. Nd7 Rfc8 22. Rcd1 Qh6 23. Bg2 Nf5 24. f4 Rc7 25. Ne5 Nd6 26. Rc1 Rac8 27. Rxc7 Rxc7 28. Qe3 Qf8 29. b4 f6 30. b5 fxe5 31. fxe5 Nc4 32. Qd4 Bxb5 33. axb5 Nb6 34. d6 exd6 35. exd6 Rd7 36. Bh3 Qxd6 37. Qxd6 Rxd6 38. Re7 Rd1+ 39. Kg2 Rd2+ 40. Kf3 Rxh2 41. Be6+ Kh8 42. Rxb7 Rb2 1/2-1/2

[Event "1000GM NY Winter IM-C 2024"]
[Site "New York"]
[Date "2024.01.13"]
[Round "3.2"]
[White "Yoo, Eugene"]
[Black "Yudasin, Leonid"]
[Result "1/2-1/2"]
[ECO "E20"]
[WhiteElo "2168"]
[BlackElo "2353"]
[Annotator "TA"]
[PlyCount "78"]
[EventDate "2024.01.10"]
[EventType "swiss"]
[EventCountry "USA"]
[SourceTitle "playchess.com"]
[Source "ChessBase"]
[SourceQuality "1"]
[TimeControl "5400+30"]

1. d4 Nf6 2. c4 e6 3. Nc3 Bb4 4. f3 d5 5. a3 Bd6 6. e4 c5 7. dxc5 Bxc5 8. b4 Bd6 9. Bg5 h6 10. Bh4 a5 11. cxd5 axb4 (11... O-O $11 12. b5 exd5) 12. axb4 (12. Bb5+ $14 Bd7 13. Bxd7+ (13. dxe6 Bxb5 14. Nxb5 Be5 $16) 13... Nbxd7 (13... Qxd7 14. axb4 Rxa1 15. Qxa1 $14) 14. dxe6) 12... Rxa1 $11 13. Qxa1 Bxb4 {[%emt 0:00:34] [#] ...0-0 is the strong threat.} 14. Bb5+ ({Don't play} 14. Bxf6 Qxf6 15. Bb5+ Nd7 $17 (15... Bd7 16. Bxd7+ Nxd7 17. Nge2 $15)) 14... Bd7 15. Bxd7+ Nbxd7 16. dxe6 fxe6 {[%emt 0:05:16] Strongly threatening ...Nc5.} 17. Nge2 O-O 18. O-O Qa5 19. Qxa5 Bxa5 20. Bf2 Rc8 21. Nb5 Rc2 22. Ned4 Rb2 {[%emt 0:00:52] [#] White must now prevent ...e5.} 23. Nd6 {[%emt 0:02:03][%cal Od6c4] Threatens to win with Nc4!} Bc7 24. Nc4 Rb4 {[%emt 0:00:28] Hoping for ...e5.} 25. Rc1 Bf4 26. Be1 $1 Ra4 27. Rc3 Ra1 28. Nc2 Rc1 29. g3 Bb8 30. Kf2 Kf7 31. Nd4 Rxc3 32. Bxc3 Ne5 33. Nxe5+ Bxe5 $14 {[%emt 0:00:08][%mdl 4096] Endgame. KBN-KBN. The position is equal.} 34. Ke3 h5 35. Kd3 h4 36. f4 Bxd4 37. Bxd4 hxg3 38. hxg3 Nd7 39. Ke3 g6 {[%emt 0:05:38] Weighted Error Value: White=0.07 (flawless) /Black=0.08 (flawless) .  Mistake:       	White=1     	Black=1      Inaccurate:     	White=1     	Black=2      OK:         	White=14    	Black=17     Best:        	White=1     	Black=1      Strong:       	White=1     	---} 1/2-1/2

[Event "1000GM NY Winter IM-C 2024"]
[Site "New York"]
[Date "2024.01.12"]
[Round "3.2"]
[White "Yoo, Eugene"]
[Black "Yudasin, Leonid"]
[Result "*"]
[ECO "E20"]
[WhiteElo "2168"]
[BlackElo "2353"]
[Annotator "RC"]
[PlyCount "40"]
[EventDate "2024.01.10"]
[EventType "swiss"]
[EventCountry "USA"]
[SourceTitle "playchess.com"]
[Source "ChessBase"]
[SourceQuality "1"]
[TimeControl "5400+30"]

1. d4 Nf6 2. c4 e6 3. Nc3 Bb4 4. f3 d5 5. a3 Bd6 6. e4 c5 7. dxc5 Bxc5 8. b4 Bd6 9. Bg5 h6 10. Bh4 a5 11. cxd5 axb4 12. axb4 Rxa1 13. Qxa1 Bxb4 14. Bb5+ Bd7 15. Bxd7+ Nbxd7 16. dxe6 fxe6 17. Nge2 O-O 18. O-O Qa5 19. Qa3 Qa4 20. Qxa4 Ba5 *

[Event "1000GM NY Winter IM-C 2024"]
[Site "New York"]
[Date "2024.01.13"]
[Round "3.3"]
[White "Chabris, Christopher"]
[Black "Hajnal, Zoltan"]
[Result "1/2-1/2"]
[ECO "C95"]
[WhiteElo "2078"]
[BlackElo "2383"]
[Annotator "ChessBase"]
[PlyCount "117"]
[EventDate "2024.01.10"]
[EventType "swiss"]
[EventCountry "USA"]
[SourceTitle "playchess.com"]
[Source "ChessBase"]
[SourceQuality "1"]
[TimeControl "5400+30"]

1. e4 e5 2. Nf3 Nc6 3. Bb5 a6 4. Ba4 Nf6 5. O-O Be7 6. Re1 b5 7. Bb3 d6 8. c3 O-O 9. h3 Nb8 10. d4 Nbd7 11. Nbd2 Bb7 12. Bc2 Re8 13. Nf1 Bf8 14. Ng3 g6 15. a4 c6 16. Bg5 h6 17. Be3 Bg7 18. Bd3 Qc7 19. dxe5 dxe5 20. b4 Rad8 21. Qe2 Bf8 22. Rec1 Nb6 23. c4 bxc4 24. Bxc4 Nxc4 25. Rxc4 Qd6 26. Rac1 Qd3 27. Qb2 Nd7 28. Nd2 Ba8 29. Nb3 Rb8 30. R4c3 Qd6 31. Nc5 Nxc5 32. Bxc5 Qc7 33. Bxf8 Kxf8 34. Qd2 Kg7 35. Rc5 Rbd8 36. Qe2 Qb6 37. R1c4 Rd4 38. h4 Qd8 39. Rxd4 Qxd4 40. Rc4 Qa1+ 41. Kh2 h5 42. Rc5 Qd4 43. Rc4 Qd8 44. Rc3 Qxh4+ 45. Kg1 Bb7 46. Rd3 Rd8 47. Qd2 Rxd3 48. Qxd3 Qe7 49. Qe3 h4 50. Nf1 Qxb4 51. Kh2 c5 52. f3 Qd4 53. Qg5 f6 54. Qxh4 c4 55. Qg4 Qd6 56. Ne3 Kf7 57. Qh4 Kg7 58. Qg4 Kf7 59. Qh4 1/2-1/2

[Event "1000GM NY Winter IM-C 2024"]
[Site "New York"]
[Date "2024.01.13"]
[Round "3.4"]
[White "Ho, Carter"]
[Black "Pressman, Leif"]
[Result "0-1"]
[ECO "C50"]
[WhiteElo "2180"]
[BlackElo "2258"]
[Annotator "RC"]
[PlyCount "84"]
[EventDate "2024.01.10"]
[EventType "swiss"]
[EventCountry "USA"]
[SourceTitle "playchess.com"]
[Source "ChessBase"]
[SourceQuality "1"]
[TimeControl "5400+30"]

1. e4 e5 2. Nf3 Nc6 3. Bc4 Bc5 4. O-O Nf6 5. d3 a5 6. a4 O-O 7. Nbd2 h6 8. h3 d6 9. Re1 Be6 10. c3 Qb8 11. Bxe6 fxe6 12. Qb3 Qe8 13. Qc4 Nh5 14. d4 Bb6 15. d5 Ne7 16. dxe6 Qg6 17. Qf1 Nf4 18. Kh2 Qxe6 19. Nc4 Bxf2 20. Qxf2 Qxc4 21. Qh4 Rae8 22. Bxf4 Rxf4 23. Qh5 Ref8 24. Re3 b6 25. Nd2 Qf7 26. Qxf7+ Kxf7 27. b4 Nc6 28. b5 Nb8 29. Rf1 Ke6 30. Rd1 Nd7 31. Nb3 Rf2 32. Rg3 g5 33. c4 R8f4 34. c5 Nxc5 35. Nxc5+ bxc5 36. b6 Rxe4 37. bxc7 Rf8 38. Rb3 Rb4 39. Rf1 Rc8 40. Rbf3 Rf4 41. Rb1 Rxf3 42. Rb8 Rff8 0-1

[Event "1000GM NY Winter IM-C 2024"]
[Site "New York"]
[Date "2024.01.13"]
[Round "3.5"]
[White "Martin Del Campo Cardenas, Roberto Abel"]
[Black "Tanenbaum, Zachary"]
[Result "1/2-1/2"]
[ECO "C63"]
[WhiteElo "2205"]
[BlackElo "2272"]
[Annotator "TA"]
[PlyCount "70"]
[EventDate "2024.01.10"]
[EventType "swiss"]
[EventCountry "USA"]
[SourceTitle "playchess.com"]
[Source "ChessBase"]
[SourceQuality "1"]
[TimeControl "5400+30"]

1. e4 e5 2. Nf3 Nc6 3. Bb5 f5 4. Nc3 fxe4 5. Bxc6 bxc6 6. Nxe4 d5 7. Ng3 Bg4 8. h3 Bxf3 9. Qxf3 Bd6 10. d3 Nf6 11. Nf5 Qd7 12. Nxd6+ cxd6 13. O-O O-O 14. Qe2 Rae8 15. Bd2 d4 16. c3 Qf5 17. f3 c5 18. c4 Re6 ({Black should try} 18... Nh5 $15 19. Qe4 Nf4 20. Bxf4 exf4) 19. g4 $11 Qg6 20. f4 $36 {[%emt 0:00:30][%mdl 2048] [#] Threatens to win with f5. Black is under pressure.} Qf7 21. f5 Ree8 22. g5 Nd7 (22... Nh5 $11 23. Qf3 Nf4 24. Bxf4 exf4 25. Qxf4 Re5) 23. Qe4 Nb6 24. Rac1 Qd7 25. Rf2 Rf7 26. Kh2 (26. b3 $14 {is more appropriate.}) 26... Qb7 27. b3 Ref8 28. Kg3 {[%emt 0:00:30] And now g6 would win.} Qxe4 29. dxe4 g6 30. f6 h5 31. gxh6 Nd7 32. Rcf1 Rxf6 {[%emt 0:00:56] [#]} (32... Kh7 $14) 33. Bg5 $1 $16 Rxf2 34. Rxf2 Rxf2 35. Kxf2 {[%emt 0:00:03] Ke2 would now be deadly.} Kh7 {[%emt 0:00:19] Weighted Error Value: White=0.05 (flawless) /Black=0.14 (very precise) .  Mistake:       	White=1     	Black=3      Inaccurate:     	White=3     	Black=2      OK:         	White=14    	Black=13     Best:        	White=1     	---} 1/2-1/2

[Event "1000GM NY Winter IM-C 2024"]
[Site "New York"]
[Date "2024.01.13"]
[Round "3.6"]
[White "Rohde, Michael"]
[Black "Pagan, Jonathan"]
[Result "1-0"]
[ECO "D37"]
[WhiteElo "2333"]
[BlackElo "2018"]
[Annotator "ChessBase"]
[PlyCount "114"]
[EventDate "2024.01.10"]
[EventType "swiss"]
[EventCountry "USA"]
[SourceTitle "playchess.com"]
[Source "ChessBase"]
[SourceQuality "1"]
[TimeControl "5400+30"]

1. Nf3 d5 2. d4 Nf6 3. c4 e6 4. Nc3 a6 5. cxd5 exd5 6. Bf4 Bd6 7. g3 O-O 8. Bg2 c6 9. O-O Bxf4 10. gxf4 Bf5 11. Ne5 Nbd7 12. f3 h6 13. e4 Bh7 14. Qd2 Qb6 15. Bh3 Rad8 16. Nxd7 Nxd7 17. e5 Rfe8 18. Rae1 f5 19. e6 Nf6 20. Re5 Re7 21. Rfe1 g6 22. Na4 Qc7 23. Nc5 Rde8 24. b4 Qc8 25. Bf1 Kg7 26. a4 Bg8 27. Qe3 Nh5 28. Bd3 Kh8 29. Kh1 Ng7 30. Rg1 Bh7 31. Qf2 Qd8 32. Qh4 h5 33. Qf6 Rf8 34. Qg5 Qd6 35. Rge1 Rfe8 36. Qf6 Kg8 37. a5 Rf8 38. Qg5 Rfe8 39. Qf6 Rf8 40. Qg5 Rfe8 41. Qh6 Nxe6 42. Nxe6 Rxe6 43. Bxf5 Rxe5 44. fxe5 Qf8 45. Qxf8+ Kxf8 46. Bd3 Kg7 47. f4 Rf8 48. Rf1 Bg8 49. f5 gxf5 50. Rxf5 Bf7 51. h4 Rh8 52. Kg2 Rh6 53. Rg5+ Kf8 54. Bf5 Be8 55. Kf3 Rh8 56. Kf4 Rh6 57. e6 Rh8 1-0

[Event "1000GM NY Winter IM-C 2024"]
[Site "New York"]
[Date "2024.01.13"]
[Round "3.7"]
[White "Almeida Saenz, Alfonso"]
[Black "Gaw, Chloe"]
[Result "1-0"]
[ECO "D01"]
[WhiteElo "2222"]
[BlackElo "1928"]
[Annotator "RC"]
[PlyCount "79"]
[EventDate "2024.01.10"]
[EventType "swiss"]
[EventCountry "USA"]
[SourceTitle "playchess.com"]
[Source "ChessBase"]
[SourceQuality "1"]
[TimeControl "5400+30"]

1. d4 d5 2. Nc3 Nf6 3. Bg5 Bf5 4. f3 c6 5. e4 dxe4 6. Bxf6 exf6 7. fxe4 Be6 8. Nf3 Nd7 9. Bd3 Qb6 10. a3 O-O-O 11. b4 Bg4 12. Na4 Qc7 13. O-O Nb6 14. c3 Nxa4 15. Qxa4 Qf4 16. Rae1 Bxf3 17. Rxf3 Qh4 18. g3 Qg5 19. Qxa7 Bd6 20. e5 Bb8 21. Qa5 g6 22. b5 Qd2 23. Re2 Qd1+ 24. Kg2 c5 25. b6 Rd5 26. c4 Rd7 27. Qxc5+ Kd8 28. exf6 h5 29. Re7 Qd2+ 30. Be2 Bd6 31. Rxd7+ Kxd7 32. Qb5+ Kd8 33. c5 Bb8 34. Qd3 Qxd3 35. Bxd3 h4 36. Bc4 hxg3 37. hxg3 Rf8 38. Re3 Re8 39. Rxe8+ Kxe8 40. Bd5 1-0

[Event "1000GM NY Winter IM-C 2024"]
[Site "New York"]
[Date "2024.01.13"]
[Round "3.8"]
[White "Kovalchuk, Igor"]
[Black "Mou, Iris"]
[Result "1-0"]
[ECO "D24"]
[WhiteElo "2030"]
[BlackElo "2128"]
[Annotator "RC"]
[PlyCount "84"]
[EventDate "2024.01.10"]
[EventType "swiss"]
[EventCountry "USA"]
[SourceTitle "playchess.com"]
[Source "ChessBase"]
[SourceQuality "1"]
[TimeControl "5400+30"]

1. Nf3 d5 2. d4 Nf6 3. c4 e6 4. Bg5 dxc4 5. Nc3 a6 6. e4 b5 7. e5 h6 8. Bh4 g5 9. Nxg5 hxg5 10. Bxg5 Nbd7 11. exf6 Bb7 12. Be2 Bxg2 13. Rg1 Rxh2 14. Bf3 Bxf3 15. Qxf3 Nb6 16. O-O-O Nd5 17. Rge1 c6 18. Rxe6+ Kd7 19. Re2 Kc8 20. Rde1 Kb7 21. Re8 Qd7 22. Rxa8 Kxa8 23. Nxd5 cxd5 24. Re5 Bb4 25. Rxd5 Rxf2 26. Rxd7+ Rxf3 27. a3 Rf1+ 28. Kc2 Rf2+ 29. Kb1 Rf1+ 30. Ka2 Ba5 31. Rxf7 Rf2 32. Kb1 Rf1+ 33. Kc2 Rf2+ 34. Kd1 Rxb2 35. Rg7 Rb1+ 36. Ke2 Rb2+ 37. Kf3 Rb3+ 38. Ke4 Rxa3 39. Re7 Ra1 40. f7 Re1+ 41. Kf5 Rf1+ 42. Bf4 Rh1 1-0

[Event "1000GM NY Winter IM-C 2024"]
[Site "New York"]
[Date "2024.01.13"]
[Round "3.9"]
[White "Venkatesh, Narayan"]
[Black "Mede, Istvan"]
[Result "1/2-1/2"]
[ECO "E91"]
[WhiteElo "1965"]
[BlackElo "2187"]
[Annotator "TA"]
[PlyCount "69"]
[EventDate "2024.01.10"]
[EventType "swiss"]
[EventCountry "USA"]
[SourceTitle "playchess.com"]
[Source "ChessBase"]
[SourceQuality "1"]
[TimeControl "5400+30"]

1. d4 Nf6 2. c4 g6 3. Nc3 Bg7 4. e4 d6 5. Be2 O-O 6. Be3 Na6 7. Nf3 c5 8. d5 e6 9. O-O exd5 {[%emt 0:00:11] White is slightly better.} 10. cxd5 Re8 11. Nd2 Nc7 12. a4 b6 13. Bf4 Ba6 14. Re1 Bxe2 15. Rxe2 {[%emt 0:00:08] aiming for Nc4.} (15. Qxe2 $2 Nfxd5 16. Qf3 Nxf4 17. Qxf4 Qd7 $17) 15... Nh5 16. Be3 Qd7 17. f3 f5 18. Qb3 Rab8 19. Qc2 a6 20. Rae1 b5 21. b3 Qf7 22. Nd1 Qf6 23. Nb1 (23. Nf1 $11) 23... fxe4 (23... Qe5 $17 24. Nf2 Nf4) 24. fxe4 $11 Qe5 {[%emt 0:06:20] Hoping for ...bxa4.} 25. Nd2 Nf6 26. Nf2 {[%emt 0:05:46] Prevents Ng4.} Qh5 {[%emt 0:02:12] [#]} (26... Nd7 $11 {remains equal.}) 27. Nf3 $1 $16 {[%emt 0:00:00] Bf4 is the strong threat.} Ng4 28. Bf4 Ne5 (28... Nxf2 $14 29. Rxf2 Nxd5 30. exd5 Rxe1+ 31. Nxe1 Bd4) 29. Nxe5 (29. Bxe5 $16 Bxe5 30. Nd3) 29... Bxe5 $14 30. Bxe5 Qxe5 31. Qd2 {[%emt 0:00:21] Strongly threatening Ng4.} bxa4 $2 ({Black should try} 31... Re7 $14) 32. bxa4 $2 (32. Ng4 $18 Qg7 33. e5 (33. bxa4 h5 $14)) 32... Rb4 $2 (32... Re7 $11 {and Black is okay.}) 33. Ng4 $18 Qg7 {[#]} (33... Qe7 $142) 34. e5 $2 Rxg4 $16 35. exd6 {Weighted Error Value: White=0.37/Black=0.46.  Loses game:     	---       	Black=2      Missed win:     	White=2     	---        Mistake:       	White=2     	Black=4      Inaccurate:     	White=2     	Black=1      OK:         	White=8     	Black=9      Best:        	White=2     	Black=3      Strong:       	White=1     	---} 1/2-1/2

[Event "1000GM NY Winter IM-C 2024"]
[Site "New York"]
[Date "2024.01.13"]
[Round "4.1"]
[White "Yudasin, Leonid"]
[Black "Goktepe, Derin"]
[Result "1/2-1/2"]
[ECO "C54"]
[WhiteElo "2353"]
[BlackElo "2187"]
[Annotator "ChessBase"]
[PlyCount "43"]
[EventDate "2024.01.10"]
[EventType "swiss"]
[EventCountry "USA"]
[SourceTitle "playchess.com"]
[Source "ChessBase"]
[SourceQuality "1"]
[TimeControl "5400+30"]

1. e4 e5 2. Nf3 Nc6 3. Bc4 Bc5 4. c3 Nf6 5. b4 Be7 6. d3 d5 7. exd5 Nxd5 8. O-O O-O 9. b5 Na5 10. Bxd5 Qxd5 11. c4 Qd8 12. Bd2 c5 13. Nxe5 Bf6 14. Bc3 Bxe5 15. Bxe5 Bf5 16. Bc3 b6 17. Nd2 Qxd3 18. Bxa5 bxa5 19. Nb3 Qxc4 20. Rc1 Qxb5 21. Rxc5 Qd3 22. Rxa5 1/2-1/2

[Event "1000GM NY Winter IM-C 2024"]
[Site "New York"]
[Date "2024.01.13"]
[Round "4.2"]
[White "Hajnal, Zoltan"]
[Black "Yoo, Eugene"]
[Result "1-0"]
[ECO "B32"]
[WhiteElo "2383"]
[BlackElo "2168"]
[Annotator "TA"]
[PlyCount "98"]
[EventDate "2024.01.10"]
[EventType "swiss"]
[EventCountry "USA"]
[SourceTitle "playchess.com"]
[Source "ChessBase"]
[SourceQuality "1"]
[TimeControl "5400+30"]

1. e4 c5 2. Nf3 Nc6 3. d4 cxd4 4. Nxd4 e5 5. Nb5 d6 6. N1c3 a6 7. Na3 Be6 8. Nc4 Rb8 9. Ne3 Nf6 10. g3 h5 {[%emt 0:01:58] The position is equal.} 11. h4 Nd4 12. Bg2 g6 13. O-O Bh6 14. Ncd5 Nxd5 15. exd5 Bd7 16. c3 Bxe3 17. fxe3 (17. Bxe3 $5 Nf5 $8 18. Bg5 $11) 17... Bg4 $1 18. Qe1 Ne2+ 19. Kh2 Nxc1 20. Rxc1 O-O 21. c4 Qb6 22. b4 Rbc8 23. Rf6 Rfd8 $2 {[%emt 0:03:31] [#]} (23... Qd8 $11 24. Qf2 b6) 24. c5 (24. Qf2 $1 $18 {[%mdl 512] and White stays clearly on top. Rf1 would now be deadly.} Rf8 25. Rf1) 24... Qc7 {[%emt 0:00:06] [#]} (24... Qb5 $16) 25. Qf2 $1 $18 Qe7 {[%emt 0:01:49] [#]} 26. cxd6 $2 (26. Rf1 $1 $18 Rd7 (26... Bf5 $2 27. Rxf5 gxf5 28. Qxf5 $18) 27. a4) 26... Rxd6 $11 27. Rxc8+ Bxc8 28. Rxd6 Qxd6 $18 {[%emt 0:00:02][%mdl 4096] Endgame. KQB-KQB} 29. Qc2 $36 {[%emt 0:00:07][%mdl 2048] White is more active.} Bd7 30. Qc5 {[%emt 0:10:48] Black is now going downhill.} Qxc5 (30... Qf6 $16) 31. bxc5 $16 {[%emt 0:00:05] d6 is the strong threat. KB-KB} f5 (31... Kf8 $142 32. d6 Bc8) 32. e4 Kf7 33. Kg1 Kf6 34. Bh3 $2 (34. exf5 $18 {and the rest is easy.} gxf5 35. Bf3) 34... Ba4 $2 (34... Ke7 $16 {might work better.} 35. Bg2 Kd8 36. exf5 gxf5) 35. Kf2 $18 Bc2 $2 (35... Bd7 {was worth a try.} 36. Ke2 Bc8) 36. Bg2 f4 37. gxf4 exf4 {[%emt 0:00:03] [#]} 38. e5+ $1 Kxe5 39. d6 {[%emt 0:00:05][%cal Od6d7] And now d7! would win.} Bf5 40. Bxb7 a5 41. Bc6 {[%emt 0:01:15] White threatens d7 and mate.} Kf6 42. Kf3 {[%emt 0:00:10] White mates.} Be6 43. a3 Bg4+ 44. Kxf4 Bf5 45. Bd5 Bh3 46. c6 Bg4 47. Bc4 Bh3 48. Ba6 Ke6 49. Bc8+ Kd5 {[%emt 0:04:13] Weighted Error Value: White=0.19 (very precise) /Black=0.48.  Loses game:     	---       	Black=2      Missed win:     	White=2     	---        Mistake:       	White=1     	Black=4      Inaccurate:     	White=1     	Black=3      OK:         	White=13    	Black=13     Best:        	White=2     	---        Strong:       	---       	Black=1} 1-0

[Event "1000GM NY Winter IM-C 2024"]
[Site "New York"]
[Date "2024.01.13"]
[Round "4.3"]
[White "Pressman, Leif"]
[Black "Chabris, Christopher"]
[Result "0-1"]
[ECO "E00"]
[WhiteElo "2258"]
[BlackElo "2078"]
[Annotator "ChessBase"]
[PlyCount "58"]
[EventDate "2024.01.10"]
[EventType "swiss"]
[EventCountry "USA"]
[SourceTitle "playchess.com"]
[Source "ChessBase"]
[SourceQuality "1"]
[TimeControl "5400+30"]

1. d4 Nf6 2. c4 e6 3. g3 Bb4+ 4. Bd2 c5 5. Bxb4 cxb4 6. Bg2 O-O 7. e3 d6 8. Ne2 a5 9. O-O e5 10. a3 Na6 11. h3 h5 12. Nd2 Qe7 13. Nb3 Qc7 14. Rc1 Be6 15. c5 exd4 16. cxd6 Qxd6 17. Nxa5 Qb6 18. axb4 dxe3 19. Nxb7 exf2+ 20. Rxf2 Nxb4 21. Nd4 Rac8 22. Nxe6 fxe6 23. Rxc8 Rxc8 24. Qf3 Rc2 25. g4 Nd3 26. Kh2 Qxf2 27. Qxf2 Rxf2 28. Kg3 Rxb2 29. Nd8 h4+ 0-1

[Event "1000GM NY Winter IM-C 2024"]
[Site "New York"]
[Date "2024.01.13"]
[Round "4.4"]
[White "Ho, Carter"]
[Black "Martin Del Campo Cardenas, Roberto Abel"]
[Result "0-1"]
[ECO "B80"]
[WhiteElo "2180"]
[BlackElo "2205"]
[Annotator "ChessBase"]
[PlyCount "66"]
[EventDate "2024.01.10"]
[EventType "swiss"]
[EventCountry "USA"]
[SourceTitle "playchess.com"]
[Source "ChessBase"]
[SourceQuality "1"]
[TimeControl "5400+30"]

1. e4 c5 2. Nf3 d6 3. d4 cxd4 4. Nxd4 Nf6 5. Nc3 a6 6. f3 e6 7. Be3 Nbd7 8. Qd2 b5 9. O-O-O Bb7 10. g4 Nb6 11. g5 Nfd7 12. Qf2 Rc8 13. Nb1 d5 14. f4 Qc7 15. e5 g6 16. h4 Nc4 17. h5 Rg8 18. hxg6 hxg6 19. Rh7 Nxe3 20. Qxe3 Bc5 21. Nc3 b4 22. Nce2 a5 23. Kb1 Ba6 24. Bh3 Bxe2 25. Qxe2 Bxd4 26. Rxd4 Ke7 27. Rxd5 Nf8 28. f5 gxf5 29. Rh6 exd5 30. e6 fxe6 31. Bxf5 Rxg5 32. Rxe6+ Kf7 33. Bg4 Rxg4 0-1

[Event "1000GM NY Winter IM-C 2024"]
[Site "New York"]
[Date "2024.01.13"]
[Round "4.5"]
[White "Tanenbaum, Zachary"]
[Black "Rohde, Michael"]
[Result "1-0"]
[ECO "B22"]
[WhiteElo "2272"]
[BlackElo "2333"]
[Annotator "RC"]
[PlyCount "79"]
[EventDate "2024.01.10"]
[EventType "swiss"]
[EventCountry "USA"]
[SourceTitle "playchess.com"]
[Source "ChessBase"]
[SourceQuality "1"]
[TimeControl "5400+30"]

1. e4 c5 2. c3 g6 3. d4 cxd4 4. cxd4 d5 5. e5 Bg7 6. Nc3 Nc6 7. Bf4 f6 8. Bb5 Nh6 9. exf6 exf6 10. Qa4 O-O 11. Nxd5 Kh8 12. Bxc6 bxc6 13. Nc3 g5 14. Bg3 Qb6 15. Nge2 Ba6 16. Qc2 Rfe8 17. O-O f5 18. Bd6 Re6 19. Bc5 Qc7 20. Rfe1 Rae8 21. Qd2 f4 22. h4 f3 23. gxf3 gxh4 24. Kh1 Qf7 25. Ng1 h3 26. Ne4 h2 27. Kxh2 Nf5 28. Ng5 Qh5+ 29. N1h3 Bh6 30. Rxe6 Rxe6 31. Qf4 Nh4 32. Rg1 Rg6 33. Qe5+ Rg7 34. Bf8 Nxf3+ 35. Nxf3 Qxe5+ 36. Nxe5 Rxg1 37. Nf7+ Kg8 38. Nxh6+ Kxf8 39. Nxg1 Bc8 40. Kg3 1-0

[Event "1000GM NY Winter IM-C 2024"]
[Site "New York"]
[Date "2024.01.13"]
[Round "4.6"]
[White "Pagan, Jonathan"]
[Black "Almeida Saenz, Alfonso"]
[Result "1/2-1/2"]
[ECO "E01"]
[WhiteElo "2018"]
[BlackElo "2222"]
[Annotator "RC"]
[PlyCount "66"]
[EventDate "2024.01.10"]
[EventType "swiss"]
[EventCountry "USA"]
[SourceTitle "playchess.com"]
[Source "ChessBase"]
[SourceQuality "1"]
[TimeControl "5400+30"]

1. Nf3 Nf6 2. g3 c5 3. Bg2 Nc6 4. O-O d5 5. d4 cxd4 6. Nxd4 e6 7. c4 Bc5 8. Nb3 Be7 9. cxd5 Nxd5 10. a3 O-O 11. Qc2 Qc7 12. e4 Ne5 13. Qxc7 Nxc7 14. Bf4 Bf6 15. Rd1 b6 16. Bxe5 Bxe5 17. f4 Bxb2 18. Ra2 Bf6 19. e5 Be7 20. Bxa8 Nxa8 21. Rc2 f6 22. exf6 Bxf6 23. Nc3 Bb7 24. Rd7 Bc6 25. Rd6 Bb7 26. Nb5 Bd5 27. Rxd5 exd5 28. Nxa7 b5 29. Nxb5 Nb6 30. Kf2 Rb8 31. N3d4 Ra8 32. Rc6 Nc4 33. Rc5 Nxa3 1/2-1/2

[Event "1000GM NY Winter IM-C 2024"]
[Site "New York"]
[Date "2024.01.13"]
[Round "4.7"]
[White "Gaw, Chloe"]
[Black "Kovalchuk, Igor"]
[Result "1/2-1/2"]
[ECO "D36"]
[WhiteElo "1928"]
[BlackElo "2030"]
[Annotator "RC"]
[PlyCount "52"]
[EventDate "2024.01.10"]
[EventType "swiss"]
[EventCountry "USA"]
[SourceTitle "playchess.com"]
[Source "ChessBase"]
[SourceQuality "1"]
[TimeControl "5400+30"]

1. d4 d5 2. c4 e6 3. Nc3 Nf6 4. cxd5 exd5 5. Bg5 c6 6. e3 Be7 7. Bd3 h6 8. Bh4 Nbd7 9. Qc2 O-O 10. Nge2 b5 11. O-O a5 12. Rac1 Ba6 13. Rfd1 b4 14. Bxa6 bxc3 15. Bd3 cxb2 16. Qxb2 c5 17. dxc5 Nxc5 18. Bb1 Rb8 19. Qc2 Nce4 20. f3 Ng5 21. Nf4 Rb5 22. Qd3 Qb6 23. Bf2 Rb8 24. a4 Rb3 25. Qf5 Bc5 26. Kh1 Re8 1/2-1/2